Map: Ruins of Seras

Players

CrankCat

  • Race: Terran Terran
  • League: Platinum

Wrench - Winner!

  • Race: Protoss Protoss
  • League: Diamond

VOD

Have the link to the VOD?

Description

Time

  • Played on: March 10, 2016, 6:29 p.m.
  • Length: 8:55
Show
View Real Time Build Order
Export as new Build Order

CrankCat Terran 

Build Orders: Reaper Expand, MMM Bio 

Get SALT Encoding   

  12  0:01  SCV  
  13  0:13  SCV  
  14  0:19  Supply Depot  
  14  0:25  SCV  
  15  0:41  SCV, Barracks  
  16  0:47  Refinery  
  16  0:53  SCV  
  17  1:05  SCV  
  18  1:18  SCV  
  19  1:30  Orbital Command, Reaper  
  20  1:49  Command Center  
  20  1:56  SCV  
  21  2:03  Marine  
  21  2:05  Supply Depot  
  22  2:09  SCV  
  23  2:20  Refinery  
  23  2:21  Factory  
  23  2:26  SCV  
  24  2:38  SCV  
  26  2:50  SCV  
  26  2:52  Barracks Reactor  
  25  3:03  SCV  
  26  3:06  Orbital Command  
  26  3:15  SCV  
  26  3:16  Factory Tech Lab  
  26  3:18  Barracks  
  27  3:29  Marine x2  
  28  3:36  Siege Tank, Orbital Command  
  28  3:39  SCV  
  32  3:50  Marine x2  
  34  4:08  Marine x2  
  33  4:20  Barracks Tech Lab  
  31  4:26  Marine x2  
  31  4:28  SCV x2  
  35  4:35  Siege Tank  
  38  4:41  Starport  
  38  4:43  Marine  
  38  4:44  Marine  
  40  4:48  Marine  
  40  5:01  Marine  
  40  5:03  Stimpack  
  40  5:04  SCV  
  42  5:07  Siege Tank  
  42  5:10  Supply Depot  
  42  5:13  Marine  
  46  5:18  Marine  
  45  5:23  Marine  
  45  5:30  Medivac  
  45  5:31  Marine  
  47  5:36  Marine  
  47  5:40  Siege Tank, SCV  
  47  5:41  Marine  
  51  5:49  Marine  
  52  5:53  Marine  
  53  5:58  Barracks  
  53  5:59  Command Center, Barracks  
  53  6:01  Marine  
  54  6:07  Marine  
  51  6:14  Marine  
  51  6:15  SCV  
  53  6:19  Marine  
  53  6:24  Supply Depot  
  53  6:25  Supply Depot  
  54  6:26  Engineering Bay  
  54  6:28  Engineering Bay  
  54  6:35  Marine  
  54  6:36  Marine  
  54  6:37  Marine  
  54  6:40  Medivac  
  52  6:47  Marine  
  52  6:48  Marine  
  50  6:59  Marine  
  50  7:01  Orbital Command  
  47  7:10  Medivac  
  49  7:28  Combat Shields  
  49  7:31  Marine x2  
  49  7:32  Marine, Marauder  
  52  7:40  Medivac  
  54  7:49  Marine x2  
  53  7:52  Marine x2  
  53  7:54  Marauder  
  51  8:06  Marine x2  
  51  8:09  Medivac  
  55  8:17  Marine x2  
  57  8:20  Marine, SCV  
  54  8:29  Marine x2  
  53  8:34  Marine  
Show
View Real Time Build Order
Export as new Build Order

Wrench Protoss - Winner!

Build Orders: 1 Gate Expand 

Get SALT Encoding   

  12  0:01  Probe (Chrono Boost)  
  13  0:12  Probe (Chrono Boost)  
  14  0:22  Probe (Chrono Boost)  
  14  0:25  Pylon  
  15  0:41  Assimilator  
  15  0:43  Probe (Chrono Boost)  
  15  0:45  Gateway  
  16  0:53  Probe (Chrono Boost)  
  17  0:58  Assimilator  
  18  1:04  Probe (Chrono Boost)  
  18  1:14  Probe (Chrono Boost)  
  19  1:32  Nexus  
  19  1:39  Cybernetics Core  
  19  1:42  Probe (Chrono Boost)  
  20  1:53  Probe (Chrono Boost)  
  21  2:03  Probe (Chrono Boost)  
  21  2:04  Pylon  
  22  2:22  Stalker (Chrono Boost)  
  26  2:23  Mothership Core (Chrono Boost)  
  25  2:59  Pylon  
  25  3:01  Probe  
  25  3:02  Stalker (Chrono Boost)  
  28  3:06  Assimilator  
  28  3:10  Pylon  
  28  3:11  Probe  
  28  3:17  Pylon  
  28  3:19  Probe  
  30  3:22  Probe  
  31  3:27  Stalker (Chrono Boost)  
  31  3:31  Probe  
  31  3:32  Probe  
  31  3:33  Warp Gate (Chrono Boost)  
  35  3:41  Twilight Council  
  35  3:43  Probe  
  36  3:49  Pylon  
  36  3:57  Stalker  
  38  4:27  Stalker  
  38  4:30  Blink (Chrono Boost)  
  40  4:32  Probe  
  40  4:33  Probe  
  40  4:35  Gateway  
  40  4:37  Gateway  
  42  4:42  Probe  
  43  4:45  Probe  
  44  4:53  Probe  
  44  4:57  Probe  
  46  5:03  Probe  
  46  5:05  Gateway  
  47  5:07  Gateway  
  47  5:09  Pylon  
  47  5:10  Probe  
  48  5:14  Probe  
  48  5:22  Probe  
  49  5:30  Pylon  
  45  5:41  Stalker x3  
  51  5:50  Probe, Gateway  
  51  5:52  Probe, Gateway  
  51  5:54  Assimilator  
  53  5:58  Assimilator  
  53  6:21  Stalker  
  53  6:22  Stalker x4  
  63  6:41  Pylon  
  63  6:42  Probe  
  63  6:44  Probe, Pylon  
  59  6:56  Probe  
  60  7:06  Stalker x2  
  60  7:07  Stalker x3  
  64  7:14  Probe  
  62  7:15  Probe  
  64  7:25  Probe  
  64  7:28  Probe  
  66  7:34  Stalker x4  
  66  7:35  Nexus, Stalker  
  66  7:36  Pylon  
  74  7:37  Pylon  
  74  7:40  Probe  
  74  7:43  Stalker x2  
  67  8:04  Stalker x3  
  71  8:22  Forge  
  71  8:23  Forge  
  69  8:27  Stalker x3  
  69  8:33  Stalker x2  
  77  8:34  Zealot x2  
  83  8:41  Probe  
Tags
 
Add a new tag
Caveats
  • Supply blocks, unpowered buildings, or Contaminate may cause inaccurate times.
  • Supply counts are checked every 10 seconds.